AoeStats
← 378080739

Arena

510335729Analyzed
4v4 RM · 2d ago on Sep 30, 2026· 56m 18s· 8 players
Game mode
Random Map
Map size
Large (8 player)
Population
200
Speed
Normal
Resources
Standard
Victory
Conquest
Starting age
Dark Age
Ending age
Imperial Age
RankedLock teamsTeams togetherTeam positionsShared explorationLock speedFull tech treeHidden civsTurbo modeCheats
Victory
Defeat
🇫🇷 Sicilians · France
1170
+11
🇫🇷 Persians · France
1027
+17
🇫🇷 Mongols · France
990
+18
🇫🇷 Bohemians · France
947
+20
🇨🇳 Khmer · China
1067
-17
🇺🇸 Turks · United States
1058
-17
🇩🇪 Romans · Germany
1024
-16
🇮🇳 Lithuanians · India
1021
-16
Owen Knight
9:38 Feudal Age
10:40 Double-Bit Axe
15:14 Castle Age
23:30 Horse Collar
31:51 Imperial Age
30:54 Husbandry
31:05 Bloodlines
30:15 Light Cavalry
31:08 Scale Barding Armor
31:14 Forging
34:11 Winged Hussar
36:20 Wheelbarrow
35:30 Town Watch
36:16 Chain Barding Armor
36:32 Iron Casting
37:33 Gold Mining
39:28 Chemistry
48:30 Heavy Plow
50:14 Crop Rotation
54:05 Conscription
54:30 Hand Cart
Standing Alone!
9:45 Feudal Age
12:47 Double-Bit Axe
16:37 Castle Age
15:59 Gold Mining
20:58 Imperial Age
19:34 Bow Saw
20:19 Horse Collar
28:42 Wheelbarrow
28:42 Padded Archer Armor
36:05 Gold Shaft Mining
36:34 Scale Barding Armor
37:54 Loom
38:36 Heavy Plow
38:42 Town Watch
39:56 Chain Barding Armor
40:18 Heavy Camel Rider
gotcoffe
9:39 Feudal Age
7:55 Loom
10:08 Double-Bit Axe
10:06 Horse Collar
15:07 Castle Age
16:50 Gold Mining
16:55 Stone Mining
17:53 Man-at-Arms
18:35 Squires
19:20 Wheelbarrow
18:31 Town Watch
23:19 Bow Saw
24:14 Long Swordsman
25:08 Town Watch
27:10 Hand Cart
27:09 Stone Mining
27:24 Heavy Plow
28:31 Fletching
28:42 Scale Mail Armor
29:20 Ballistas
29:34 Fortified Wall
33:03 Imperial Age
29:58 Pikeman
31:49 Ballistics
31:30 Bodkin Arrow
31:53 Chain Mail Armor
31:49 Forging
34:40 Iron Casting
34:00 Bodkin Arrow
33:39 Legionary
34:38 Masonry
34:41 Capped Ram
36:09 Crop Rotation
36:34 Conscription
38:44 Comitatenses
38:19 Siege Ram
38:33 Pikeman
39:06 Halberdier
40:34 Heavy Scorpion
50:23 Elite Skirmisher
53:03 Chemistry
54:28 Padded Archer Armor
378080739
0:28 Loom
12:07 Feudal Age
16:14 Castle Age
14:17 Double-Bit Axe
14:55 Stone Mining
15:17 Gold Mining
15:17 Horse Collar
17:42 Bow Saw
30:59 Imperial Age
32:08 Elite Ballista Elephant
32:49 Double Crossbow
34:24 Gold Shaft Mining
34:26 Stone Shaft Mining
34:56 Ballistics
35:37 Chemistry
34:43 Siege Engineers
35:13 Conscription
37:12 Wheelbarrow
37:01 Heavy Plow
38:09 Fortified Wall
39:06 Hand Cart
43:21 Forging
43:16 Scale Barding Armor
43:07 Elite Battle Elephant
44:38 Bloodlines
45:09 Iron Casting
45:43 Husbandry
46:47 Tusk Swords
56:23 Chain Barding Armor
Bizonbizou
9:35 Feudal Age
9:45 Feudal Age
14:15 Castle Age
12:14 Double-Bit Axe
12:14 Horse Collar
14:08 Loom
15:32 Bow Saw
21:35 Heavy Plow
22:47 Scale Barding Armor
22:53 Forging
24:11 Chain Barding Armor
24:12 Bloodlines
26:07 Iron Casting
25:54 Husbandry
26:11 Gold Mining
27:00 Wheelbarrow
26:11 Town Watch
34:47 Hand Cart
37:27 Imperial Age
37:10 Stone Mining
38:22 Plate Barding Armor
37:11 Cavalier
38:37 Gold Shaft Mining
38:27 Heavy Scorpion
39:07 Savar
41:14 Chemistry
43:53 Two-Man Saw
43:25 Crop Rotation
42:57 Town Patrol
45:36 Blast Furnace
44:58 Fletching
46:34 Conscription
48:36 Bodkin Arrow
53:55 Light Cavalry
55:38 Hussar
PUR Vortex
10:46 Feudal Age
11:37 Loom
15:13 Castle Age
13:42 Double-Bit Axe
14:04 Horse Collar
19:21 Wheelbarrow
19:39 Bow Saw
28:25 Hand Cart
31:44 Imperial Age
29:56 Wagenburg Tactics
31:13 Chemistry
33:25 Two-Man Saw
33:34 Scale Mail Armor
33:44 Forging
34:31 Squires
33:53 Pikeman
34:54 Chain Mail Armor
34:03 Elite Hussite Wagon
35:10 Hussite Reforms
35:31 Heavy Plow
35:59 Conscription
35:55 Siege Engineers
37:26 Town Watch
43:11 Sanctity
42:54 Devotion
43:20 Illumination
42:52 Herbal Medicine
43:35 Theocracy
43:20 Block Printing
42:45 Halberdier
44:45 Houfnice
46:30 Plate Mail Armor
46:35 Iron Casting
46:49 Faith
46:45 Redemption
47:01 Heresy
46:44 Atonement
47:00 Fervor
Siller
11:06 Feudal Age
12:11 Double-Bit Axe
15:04 Castle Age
14:41 Horse Collar
18:03 Gold Mining
18:04 Stone Mining
21:18 Wheelbarrow
21:01 Fletching
21:14 Padded Archer Armor
21:54 Bow Saw
24:24 Leather Archer Armor
26:40 Bodkin Arrow
31:47 Ballistics
35:28 Imperial Age
34:17 Hand Cart
37:00 Gold Shaft Mining
37:01 Stone Shaft Mining
36:29 Heavy Plow
37:01 Conscription
36:50 Elite Mangudai
39:11 Chemistry
38:17 Bracer
40:25 Conscription
40:49 Nomads
43:38 Capped Ram
45:27 Drill
54:03 Bloodlines
53:53 Husbandry
54:25 Parthian Tactics
54:05 Thumb Ring
54:36 Light Cavalry
Kim jong-un
6:04 Loom
9:35 Feudal Age
10:13 Double-Bit Axe
11:05 Stone Mining
11:30 Horse Collar
17:28 Scale Mail Armor
18:06 Fletching
24:36 Castle Age
23:35 Arson
24:16 Gold Mining
25:29 Bow Saw
26:16 Heavy Plow
26:47 Scale Barding Armor
26:48 Husbandry
26:58 Bloodlines
28:32 Wheelbarrow
28:46 Chain Barding Armor
29:49 Gold Shaft Mining
30:15 Forging
33:29 Hand Cart
32:56 Pikeman
33:37 Squires
33:23 Gambesons
33:57 Chain Mail Armor
34:18 Iron Casting
34:26 Hand Cart
36:47 Imperial Age
37:17 Murder Holes
36:54 Halberdier
36:56 Cavalier
38:00 Conscription
37:48 Hauberk
42:35 Masonry
42:54 Town Watch
45:32 Plate Barding Armor
45:58 Blast Furnace
46:33 Stone Shaft Mining
47:43 Plate Mail Armor
51:42 Hoardings
50:41 Sappers
54:07 Town Patrol
Connection lost

Rejoining the realm…

Still unreachable

The connection could not be restored.

Session expired

The server has moved on; the page needs a fresh start.